 Dungeon Crawl Stone Soup version 0.18.1-6-gd335043 (webtiles) character file.

7450 dorian the Arsonist (level 11, -1/61 HPs)
             Began as an Octopode Fire Elementalist on May 17, 2016.
             Was an Elder of Vehumet.
             Slain by a wraith (11 damage)
             ... on level 10 of the Dungeon.
             The game lasted 00:42:00 (13177 turns).

dorian the Arsonist (Octopode Fire Elementalist)   Turns: 13177, Time: 00:42:01

Health: -1/61      AC:  2    Str:  7    XL:     11   Next: 15%
Magic:  16/20      EV: 15    Int: 20    God:    Vehumet [****..]
Gold:   281        SH:  0    Dex: 16    Spells: 6 memorised, 3 levels left

rFire  . . .     SeeInvis .     u - +1 hunting sling (freeze)
rCold  . . .     Gourm    .     (no shield)
rNeg   . . .     Faith    +     (helmet restricted)
rPois  .         Spirit   .     j - amulet of faith
rElec  .         Dismiss  .     e - +2 ring of dexterity
rCorr  +         Reflect  .     z - +3 ring of evasion
SustAt .         Harm     .     h - ring of stealth
MR     +....                    B - ring of protection from magic
Stlth  ++++......               N - ring of resist corrosion
                                (no ring)
                                (no ring)
                                (no ring)

@: slowed, very slow, somewhat resistant to hostile enchantments, stealthy
A: almost no armour, amphibious, 8 rings, constrict 8, molten scales 1,
camouflage 1, gelatinous body 1
a: Renounce Religion


You were on level 10 of the Dungeon.
You worshipped Vehumet.
Vehumet was greatly pleased with you.
You were not hungry.

You visited 2 branches of the dungeon, and saw 11 of its levels.

You collected 422 gold pieces.
You spent 141 gold pieces at shops.

Inventory:

Hand Weapons
 u - a +1 hunting sling of freezing (weapon)
   (You found it on level 4 of the Dungeon)
Missiles
 d - 27 sling bullets (quivered)
 i - 78 stones
 n - 6 javelins
Armour
 a - a +1 shield
   (You found it on level 2 of the Dungeon)
Jewellery
 e - a +2 ring of dexterity (left tentacle)
   (You found it on level 1 of the Dungeon)
 h - a ring of stealth (on tentacle)
   (You took it off an orc on level 8 of the Dungeon)
 j - an amulet of faith (around mantle)
   (You found it on level 6 of the Dungeon)
 m - an uncursed ring of ice
   (You found it on level 3 of the Dungeon)
 z - a +3 ring of evasion (right tentacle)
   (You found it on level 6 of the Dungeon)
 B - a ring of protection from magic (on tentacle)
   (You took it off an orc wizard on level 9 of the Dungeon)
 G - an uncursed amulet of the gourmand
   (You took it off an orc on level 8 of the Dungeon)
 N - a ring of resist corrosion (on tentacle)
   (You bought it in a shop on level 10 of the Dungeon)
 P - a cursed amulet of inaccuracy
   (You found it on level 10 of the Dungeon)
Wands
 l - a wand of digging (9/24)
   (You found it on level 4 of the Dungeon)
 o - a wand of paralysis (0/24)
   (You found it on level 4 of the Dungeon)
 p - a wand of iceblast (4/15)
   (You found it on level 8 of the Dungeon)
 F - a wand of lightning (0/15)
   (You took it off Dowan on level 7 of the Dungeon)
 J - a wand of flame (10/48)
   (You found it on level 9 of the Dungeon)
 Q - a wand of lightning (0/15)
   (You found it on level 10 of the Dungeon)
Scrolls
 c - 8 scrolls of remove curse
 r - a scroll of identify
 w - 2 scrolls of amnesia
 x - 4 scrolls of enchant weapon
 y - 3 scrolls of fog
 D - a scroll of enchant armour
 M - a scroll of magic mapping
Potions
 f - a potion of cure mutation
 g - a potion of flight
 s - 5 potions of curing
 v - a potion of cancellation
 E - a potion of lignification
 I - 3 potions of mutation
 O - a potion of brilliance
Books
 q - Sif Muna's Volume of Evil
   (You found it on level 5 of the Dungeon)

   Spells                             Type                      Level
   a - Animate Skeleton               Necromancy                   1
 A - a book of Flames

   Spells                             Type                      Level
   a - Flame Tongue                   Conjuration/Fire             1
   b - Throw Flame                    Conjuration/Fire             2
   c - Conjure Flame                  Conjuration/Fire             3
   d - Inner Flame                    Hexes/Fire                   3
   e - Sticky Flame                   Conjuration/Fire             4
   f - Fireball                       Conjuration/Fire             5
 C - a Fen Folio
   (You found it on level 6 of the Dungeon)

   Spells                             Type                      Level
   a - Corpse Rot                     Necromancy                   2
   b - Stone Arrow                    Conjuration/Earth            3
   c - Leda's Liquefaction            Hexes/Earth                  4
   d - Summon Forest                  Summoning/Translocation      5
   e - Hydra Form                     Transmutation                6
   f - Summon Hydra                   Summoning                    7
 H - a book of Dreams
   (You found it on level 8 of the Dungeon)

   Spells                             Type                      Level
   a - Ensorcelled Hibernation        Hexes/Ice                    2
   b - Silence                        Hexes/Air                    5
   c - Darkness                       Hexes                        6
   d - Shadow Creatures               Summoning                    6
 Z - a book of Annihilations
   (You found it on level 9 of the Dungeon)

   Spells                             Type                      Level
   a - Poison Arrow                   Conjuration/Poison           6
   b - Chain Lightning                Conjuration/Air              8
   c - Lehudib's Crystal Spear        Conjuration/Earth            8
   d - Glaciate                       Conjuration/Ice              9
   e - Fire Storm                     Conjuration/Fire             9
Miscellaneous
 L - a phantom mirror
Comestibles
 b - 5 bread rations
 k - 3 meat rations
 K - 2 fruits


   Skills:
 - Level 2.0 Dodging
 - Level 2.6 Stealth
 + Level 6.6 Spellcasting
 + Level 11.0 Conjurations
 + Level 11.1 Fire Magic


You had 3 spell levels left.
You knew the following spells:

 Your Spells              Type           Power        Failure   Level  Hunger
a - Flame Tongue          Conj/Fire      #####        1%          1    None
b - Sticky Flame          Conj/Fire      ######..     1%          4    ###....
c - Fireball              Conj/Fire      ######....   1%          5    #####..
d - Stone Arrow           Conj/Erth      ####..       1%          3    #......
e - Dazzling Spray        Conj/Hex       ####....     1%          3    #......
f - Iskenderun's Mystic   Conj           ######..     1%          4    ###....


Dungeon Overview and Level Annotations

Branches:
Dungeon (10/15)            Temple (1/1) D:5            Lair (0/8) D:8
    Orc: D:9-12

Altars:
Ashenzari
Dithmenos
Elyvilon
Fedhas
Gozag
Makhleb
Nemelex Xobeh
Okawaru
Pakellas
Qazlal
Ru
Sif Muna
Trog
Vehumet
Zin
The Shining One

Shops:
D:6 (   D:10 *


Innate Abilities, Weirdness & Mutations

You cannot wear most types of armour.
You are amphibious.
You can wear up to eight rings at the same time.
You can use your tentacles to constrict eight enemies at once.
Your skin changes colour to match your surroundings (Stealth).
Your rubbery body absorbs attacks (AC +1).
You are partially covered in molten scales (AC +1).


Message History

Aim: a wraith (severely damaged)
The flame tongue hits the wraith.
The wraith is almost destroyed.
* * * LOW MAGIC WARNING * * *
The wraith barely misses you.
Casting: Flame Tongue
Confirm with . or Enter, or press ? or * to list all spells.
Aiming: Flame Tongue
Press: ? - help, Shift-Dir - straight line, f/p - wraith
Aim: a wraith (almost destroyed)
The flame tongue hits the wraith.
The wraith appears unharmed.
The wraith is almost destroyed.
* * * LOW MAGIC WARNING * * *
The wraith closely misses you.
The phantom blinks!
Casting: Flame Tongue
Confirm with . or Enter, or press ? or * to list all spells.
Aiming: Flame Tongue
Press: ? - help, Shift-Dir - straight line, f/p - wraith
Aim: a wraith (almost destroyed)
The flame tongue hits the wraith.
The wraith is almost destroyed.
* * * LOW MAGIC WARNING * * *
The wraith misses you.
Drink which item? (? for menu, Esc to quit)
You are confused.
You feel invigorated. The wraith hits you.
* * * LOW HITPOINT WARNING * * *
The wraith drains your vigour!
You feel yourself slow down. The wraith closely misses you.
The wraith hits you.
* * * LOW HITPOINT WARNING * * *
The wraith drains your vigour!
You feel as though you will be slow longer.
You feel less invigorated.
You feel less confused. The wraith closely misses you. The wraith hits you.
* * * LOW HITPOINT WARNING * * *
The wraith hits you!
* * * LOW HITPOINT WARNING * * *
The wraith drains your vigour!
You feel as though you will be slow longer.
Casting: Flame Tongue
Confirm with . or Enter, or press ? or * to list all spells.
Aiming: Flame Tongue
Press: ? - help, Shift-Dir - straight line, f/p - wraith
Aim: a wraith (almost destroyed)
The flame tongue hits the wraith.
The wraith is almost destroyed.
The wraith hits you!
You die...

#########
#.......########
#.#####........#
#.# ########.#
#.# #.# #.#
#######.# ####.#
...#...# #WW@.#
#.#.### #.####
#....### #.
#..#.... #.
#....### #.
####.#.## #.
.....#.# #.
#.####.# #. #.#
#.#
#######.####>###.


You could see a phantom and a wraith.

Vanquished Creatures
  An elephant (D:8)
  Joseph (D:8)
  A gargoyle (D:10)
  Grinder (D:5)
  A two-headed ogre (D:9)
  A wyvern (D:9)
  7 yaks
  A vampire (D:9)
  A hungry ghost (D:7)
  2 vampire mosquitoes (D:9)
  Menkaure (D:5)
  Duvessa (D:7)
  3 orc warriors
  3 sky beasts
  4 ogres
  A black bear (D:5)
  4 phantoms
  2 centaurs
  4 big kobolds (D:8)
  3 giant frogs
  A wyvern zombie (D:7)
  Dowan (D:7)
  2 scorpions
  7 howler monkeys
  5 crimson imps
  2 giant frog zombies (D:9)
  4 orc priests
  5 hounds
  3 jellies
  2 centaur skeletons (D:4)
  2 giant frog skeletons
  5 iguanas
  15 orc wizards
  5 worker ants
  3 sheep (D:8)
  2 hound skeletons
  A hound zombie (D:7)
  A worker ant zombie (D:9)
  4 gnolls (D:8)
  13 adders
  A shadow imp (D:6)
  3 oozes
  2 adder zombies
  2 adder skeletons
  3 dart slugs
  2 worms
  6 giant geckos
  48 orcs
  2 giant cockroaches
  9 goblins
  8 hobgoblins
  9 jackals
  10 kobolds
  7 quokkas
  8 bats
  3 giant newts
  A quokka skeleton (D:8)
  9 rats
259 creatures vanquished.

Vanquished Creatures (others)
  A plant (D:8)
1 creature vanquished.

Grand Total: 260 creatures vanquished

Notes
Turn   | Place    | Note
--------------------------------------------------------------
     0 | D:1      | dorian the Octopode Fire Elementalist began the quest for the Orb.
     0 | D:1      | Reached XP level 1. HP: 11/11 MP: 3/3
   106 | D:1      | Reached XP level 2. HP: 17/17 MP: 0/5
   243 | D:1      | Reached skill level 2 in Conjurations
   326 | D:1      | Reached XP level 3. HP: 20/21 MP: 1/6
   476 | D:1      | HP: 10/21 [kobold/short sword (6)]
   481 | D:1      | HP: 9/21 [bat (1)]
   898 | D:2      | Found a sacrificial altar of Ru.
  1102 | D:2      | Found a shadowy altar of Dithmenos.
  1125 | D:2      | Reached XP level 4. HP: 27/27 MP: 4/7
  1383 | D:2      | Reached skill level 4 in Fire Magic
  1552 | D:2      | Reached skill level 3 in Conjurations
  1591 | D:2      | Found a faded altar to an unknown god.
  1969 | D:3      | Reached XP level 5. HP: 29/31 MP: 5/8
  2137 | D:3      | You fall through a shaft!
  2400 | D:4      | Reached skill level 4 in Conjurations
  2491 | D:4      | Noticed a phantom
  2502 | D:4      | Noticed a phantom
  2537 | D:4      | Reached XP level 6. HP: 36/36 MP: 4/9
  2599 | D:4      | Reached skill level 5 in Fire Magic
  2808 | D:4      | Learned a level 4 spell: Sticky Flame
  3186 | D:4      | Killed a phantom
  3186 | D:4      | Reached skill level 5 in Conjurations
  3186 | D:4      | Reached XP level 7. HP: 28/41 MP: 2/10
  3313 | D:4      | Reached skill level 6 in Fire Magic
  3700 | D:5      | Entered Level 5 of the Dungeon
  4113 | D:5      | Found a deep blue altar of Sif Muna.
  4312 | D:5      | Reached skill level 6 in Conjurations
  4313 | D:5      | Noticed Menkaure
  4334 | D:5      | HP: 19/41 [crimson imp (4)]
  4526 | D:4      | Learned a level 5 spell: Fireball
  4603 | D:5      | Reached XP level 8. HP: 38/46 MP: 4/11
  4680 | D:5      | Noticed Grinder
  4693 | D:5      | Killed Grinder
  4693 | D:5      | Reached skill level 7 in Fire Magic
  4787 | D:5      | Killed Menkaure
  4787 | D:5      | Reached skill level 7 in Conjurations
  5135 | D:5      | Identified Sif Muna's Volume of Evil
  5223 | D:5      | Reached skill level 8 in Fire Magic
  5230 | D:5      | Gained mutation: Your body sometimes deteriorates upon taking damage. [mutagenic meat]
  5231 | D:5      | Gained mutation: Your spells are a little harder to cast, but a little more powerful. [mutagenic meat]
  5232 | D:5      | Gained mutation: Your mind is acute. (Int +2) [mutagenic meat]
  5233 | D:5      | Gained mutation: You are partially covered in molten scales (AC +1). [mutagenic meat]
  5620 | D:5      | Found a staircase to the Ecumenical Temple.
  5628 | Temple   | Entered the Ecumenical Temple
  5640 | Temple   | Became a worshipper of Vehumet
  5963 | D:6      | Identified a Fen Folio
  5977 | D:6      | Found Qawkeluhupp's Antique Weapon Emporium.
  5997 | D:6      | HP: 20/46 [orc warrior/trident of piercing (5)]
  6019 | D:6      | HP: 20/46 [hound (3)]
  6026 | D:6      | HP: 14/46 [orc warrior/trident of piercing (4)]
  6264 | D:5      | Lost mutation: Your spells are a little harder to cast, but a little more powerful. [potion of cure mutation]
  6264 | D:5      | Lost mutation: Your body sometimes deteriorates upon taking damage. [potion of cure mutation]
  6264 | D:5      | Lost mutation: Your mind is acute. (Int +2) [potion of cure mutation]
  6362 | D:6      | Reached XP level 9. HP: 38/51 MP: 1/12
  6440 | D:5      | Reached skill level 8 in Conjurations
  6691 | D:6      | Found a bloodstained altar of Trog.
  7053 | D:7      | HP: 17/51 [something/puff of flame (13)]
  7247 | D:6      | Reached * piety under Vehumet
  7247 | D:6      | Offered knowledge of Magic Dart by Vehumet.
  7291 | D:7      | Noticed Dowan
  7296 | D:7      | Noticed Duvessa
  7338 | D:7      | Reached skill level 9 in Fire Magic
  7559 | D:7      | Found an opulent altar of Gozag.
  7724 | D:7      | Reached skill level 9 in Conjurations
  7954 | D:7      | Killed Dowan
  8064 | D:7      | Learned a level 3 spell: Stone Arrow
  8285 | D:8      | Noticed Joseph
  8293 | D:8      | HP: 23/51 [Joseph/uncursed enchanted quarterstaff (10)]
  8298 | D:8      | HP: 17/51 [Joseph/uncursed enchanted quarterstaff (16)]
  8304 | D:8      | Killed Joseph
  8304 | D:8      | Reached skill level 3 in Spellcasting
  8514 | D:7      | Killed Duvessa
  8579 | D:7      | Offered knowledge of Throw Frost by Vehumet.
  8579 | D:7      | Reached XP level 10. HP: 53/56 MP: 6/15
  8853 | D:8      | Noticed an elephant
  8864 | D:8      | HP: 26/56 [elephant (20)]
  8865 | D:8      | HP: 9/56 [elephant (18)]
  8867 | D:8      | Killed an elephant
  8867 | D:8      | Reached ** piety under Vehumet
  8867 | D:8      | Reached skill level 4 in Spellcasting
  8867 | D:8      | Reached skill level 10 in Fire Magic
  9226 | D:8      | Found a staircase to the Lair.
  9431 | D:8      | HP: 28/56 [centaur (9)]
  9823 | D:8      | Reached skill level 10 in Conjurations
  9826 | D:8      | Offered knowledge of Dazzling Spray by Vehumet.
  9835 | D:8      | Learned a level 3 spell: Dazzling Spray
  9947 | D:8      | Found a blossoming altar of Fedhas.
  9947 | D:8      | Found a glowing silver altar of Zin.
  9947 | D:8      | Found a stormy altar of Qazlal.
 10014 | D:8      | Identified a book of Dreams
 10031 | D:8      | Noticed a three-headed hydra
 10045 | D:8      | Reached *** piety under Vehumet
 10261 | D:8      | Reached skill level 5 in Spellcasting
 10526 | D:8      | Offered knowledge of Olgreb's Toxic Radiance by Vehumet.
 10708 | D:9      | HP: 23/56 [centaur/arrow (17)]
 10900 | D:9      | HP: 27/56 [centaur (6)]
 11284 | D:9      | HP: 17/56 [wyvern (20)]
 11680 | D:9      | HP: 23/56 [yak (9)]
 11684 | D:9      | Reached **** piety under Vehumet
 11959 | D:9      | Reached skill level 6 in Spellcasting
 12163 | D:9      | Offered knowledge of Iskenderun's Mystic Blast by Vehumet.
 12169 | D:9      | Learned a level 4 spell: Iskenderun's Mystic Blast
 12221 | D:9      | Reached XP level 11. HP: 61/61 MP: 17/20
 12343 | D:9      | Reached skill level 11 in Fire Magic
 12519 | D:9      | Identified a book of Annihilations
 12603 | D:10     | Entered Level 10 of the Dungeon
 12620 | D:10     | HP: 29/61 [vampire mosquito (3)]
 12622 | D:9      | HP: 13/61 [vampire mosquito (3)]
 12623 | D:9      | HP: 6/61 [vampire mosquito (7)]
 12999 | D:10     | Found Cuaj's Assorted Antiques.
 13004 | D:10     | Bought a tubular tourmaline ring for 120 gold pieces
 13004 | D:10     | Bought a bubbling dark potion for 21 gold pieces
 13022 | D:10     | Reached skill level 11 in Conjurations
 13161 | D:10     | HP: 27/61 [wraith (15)]
 13162 | D:10     | HP: 12/61 [wraith (15)]
 13173 | D:10     | HP: 14/61 [wraith (4)]
 13177 | D:10     | Slain by a wraith

Skill      XL: |  1  2  3  4  5  6  7  8  9 10 11 |
---------------+----------------------------------+-----
Conjurations   | 2 3 4 5 6 7 9 10 11 | 11.0
Fire Magic     | 4 5 6 8 9 10 11 | 11.1
Spellcasting   | 3 6 |  6.6
Dodging        | |  2.0
Stealth        | |  2.6

Action                   |  1- 3 |  4- 6 |  7- 9 | 10-12 || total
-------------------------+-------+-------+-------+-------++-------
Melee: Unarmed           |    22 |    19 |       |       ||    41
       Constrict         |     7 |     5 |     1 |       ||    13
       Tentacles         |     5 |       |     1 |       ||     6
       Hunting sling     |       |       |     4 |       ||     4
 Fire: Hunting sling     |       |     9 |   224 |    70 ||   303
Throw: Javelin           |       |       |     6 |       ||     6
 Cast: Flame Tongue      |    41 |   108 |   182 |   212 ||   543
       Sticky Flame      |       |       |    14 |    41 ||    55
       Stone Arrow       |       |       |     4 |    10 ||    14
Evoke: Wand              |       |       |     8 |     3 ||    11
  Use: Scroll            |     5 |     5 |     9 |     8 ||    27
       Potion            |       |       |     4 |     3 ||     7
 Stab: Sleeping          |     1 |     1 |       |       ||     2
  Eat: Chunk             |     1 |     8 |    16 |     8 ||    33
       Beef jerky        |       |       |     1 |       ||     1
       Royal jelly       |       |       |     1 |       ||     1
       Bread ration      |       |       |     2 |       ||     2
       Meat ration       |       |       |       |     3 ||     3
       Fruit             |       |       |       |     1 ||     1
Armor: Skin              |     7 |     4 |     9 |    13 ||    33
Dodge: Dodged            |    27 |    27 |   103 |    98 ||   255
